 Dungeon Crawl Stone Soup version 0.28.0-43-g3370ac3207 (webtiles) character file.

Game seed: 7747692157628109527

8379 Tarmin the Ducker (level 11, -6/71 HPs)
             Began as a Human Wanderer on Mar 28, 2022.
             Was a Believer of Hepliaklqana.
             Mangled by a six-headed hydra (9 damage)
             ... on level 13 of the Dungeon.
             The game lasted 01:48:43 (10958 turns).

Tarmin the Ducker (Human Wanderer)                 Turns: 10958, Time: 01:48:44

Health: -6/71      AC: 18    Str: 11      XL:     11   Next: 54%
Magic:  19/20      EV: 14    Int: 13      God:    Hepliaklqana [**....]
Gold:   606        SH:  5    Dex: 15 (18) Spells: 11/22 levels left

rFire   . . .      SeeInvis .   h - +0 falchion (flame)
rCold   + . .      Faith    .   d - +0 buckler
rNeg    . . .      Spirit   .   F - +0 acid dragon scales
rPois   .          Reflect  .   E - +2 helmet
rElec   .          Harm     .   s - +0 cloak
rCorr   +          Rampage  .   q - +1 Delatra's gloves {ID++}
Will    .....                   D - +0 pair of boots {Stlth+}
Stlth   +++.......              (no amulet)
HPRegen 0.21/turn               A - ring of protection from cold
MPRegen 0.17/turn               H - +4 ring of protection

@: mighty
A: reduced essence
a: Renounce Religion, Recall Ancestor, Ancestor Identity


You were on level 13 of the Dungeon.
You worshipped Hepliaklqana.
Hepliaklqana was pleased with you.
You visited 1 branch of the dungeon, and saw 11 of its levels.

You collected 606 gold pieces.

Inventory:

Hand Weapons
 a - a +0 hand crossbow of flaming
 h - a +0 falchion of flaming (weapon)
 o - a +2 mace of protection
 K - a +3 war axe of holy wrath
 L - a +2 vorpal flail
 M - a +0 shortbow
 V - a +5 dire flail of freezing
 W - a +4 war axe
Missiles
 c - 3 bolts
 f - 129 arrows
 l - a boomerang
 u - 28 poisoned darts (quivered)
 y - 2 boomerangs of dispersal
Armour
 b - a +2 leather armour
 d - a +0 buckler (worn)
 e - the +0 helmet "Ihuqig" {Fly}
   (You found it on level 9 of the Dungeon)

   Fly:       It grants you flight.
 g - a +0 chain mail
 q - the +1 Delatra's gloves (worn) {ID++}
   (You found it on level 3 of the Dungeon)

   It heals its wearer when they drink unknown potions.
   It restores its wearer's MP when they read unknown scrolls.
 s - a +0 cloak (worn)
 t - a +0 scale mail
 B - a +0 robe
 D - a +0 pair of boots of stealth (worn)
 E - a +2 helmet (worn)
 F - +0 acid dragon scales (worn)
Magical Staves
 R - a staff of death
Jewellery
 w - a ring of fire
 A - a ring of protection from cold (left hand)
 H - a +4 ring of protection (right hand)
 U - a ring of flight
Wands
 x - a wand of flame (46)
 I - a wand of charming (4)
 Q - a wand of iceblast (12)
Scrolls
 i - a scroll of vulnerability
 j - 10 scrolls of identify
 k - a scroll of brand weapon
 m - a scroll of enchant weapon {unknown}
 n - a scroll of noise {unknown}
 p - 2 scrolls of enchant armour {unknown}
 r - 8 scrolls of teleportation
 J - a scroll of blinking {unknown}
 N - a scroll of silence {unknown}
 P - 3 scrolls of magic mapping {unknown}
 S - a scroll of fog {unknown}
 Y - 2 scrolls of amnesia {unknown}
Potions
 v - 2 potions of magic
 C - 2 potions of flight


   Skills:
 + Level 5.0 Fighting
 + Level 2.2 Long Blades
 + Level 5.9 Maces & Flails
 + Level 7.0 Crossbows
 + Level 0.4 Throwing
 + Level 4.3 Armour
 + Level 7.5 Dodging
 + Level 3.5 Stealth
 + Level 4.6 Shields
 + Level 6.1 Spellcasting
 + Level 3.6 Hexes
 + Level 5.9 Summonings
 + Level 2.0 Evocations


You had 11 spell levels left.
You knew the following spells:

 Your Spells              Type           Power      Damage    Failure   Level
a - Summon Small Mammal   Summ           76%        N/A       2%          1
b - Call Canine Familiar  Summ           19%        N/A       9%          3
c - Summon Guardian Gole  Hex/Summ       16%        N/A       13%         3
d - Summon Ice Beast      Ice/Summ       11%        N/A       67%         4

Your spell library contained the following spells:

 Spells                   Type           Power      Damage    Failure   Level
 Ensorcelled Hibernation  Hex/Ice        16%        N/A       22%         2
 Beastly Appendage        Tmut           8%         N/A       32%         1
 Freeze                   Ice            16%        1d4       32%         1
 Wereblood                Tmut           4%         N/A       43%         2
 Conjure Flame            Conj/Fire      4%         6-21      67%         3
 Frozen Ramparts          Ice            8%         1d2       67%         3
 Ignite Poison            Fire/Tmut/Pois 4%         N/A       67%         3
 Spider Form              Tmut/Pois      4%         N/A       67%         3
 Anguish                  Hex/Necr       4%         N/A       83%         4
 Fulminant Prism          Conj/Hex       4%         3d6       83%         4
 Hailstorm                Conj/Ice       4%         3d4       97%         4
 Ice Form                 Ice/Tmut       4%         N/A       97%         4
 Iskenderun's Mystic Bla  Conj/Tloc      4%         2d3       97%         4
 Sticky Flame             Conj/Fire      4%         2d3       97%         4
 Lee's Rapid Deconstruct  Erth           2%         3d5*      100%        5


Dungeon Overview and Level Annotations

Branches:
Dungeon (10/15)            Temple (0/1) D:4            Lair (0/6) D:9
    Orc: D:9-12

Altars:
Ashenzari
Cheibriados
Hepliaklqana
Makhleb
Okawaru
Trog
Uskayaw
Zin

Shops:
D:4 *   D:9 =

Annotations:
D:5 2 transporters, DearestLeader's ghost, novice GnFi


Message History

The seven-headed hydra bites you but does no damage.
You block the seven-headed hydra's attack.
The seven-headed hydra bites you!
The seven-headed hydra barely misses you.
The seven-headed hydra bites you but does no damage. x2
The seven-headed hydra closely misses you.
Aiming: Mindburst
Press: ? - help, Shift-Dir - straight line, f/p - seven-headed hydra
Aim: a seven-headed hydra (lightly wounded, ally target, chance to affect: 39%)
The seven-headed hydra resists with some effort.
The now-empty wand crumbles to dust.
The seven-headed hydra bites you but does no damage.
The seven-headed hydra closely misses you.
The seven-headed hydra bites you but does no damage.
The seven-headed hydra bites you.
You block the seven-headed hydra's attack.
The seven-headed hydra bites you!
* * * LOW HITPOINT WARNING * * *
The seven-headed hydra bites you.
* * * LOW HITPOINT WARNING * * *
Aiming: Charm
Press: ? - help, Shift-Dir - straight line, f/p - seven-headed hydra
Aim: a seven-headed hydra (lightly wounded, chance to affect: 21%)
The seven-headed hydra resists with almost no effort.
You block the seven-headed hydra's attack.
The seven-headed hydra barely misses you.
The seven-headed hydra misses you.
The seven-headed hydra bites you but does no damage.
The seven-headed hydra closely misses you.
The seven-headed hydra barely misses you.
The seven-headed hydra bites you!
* * * LOW HITPOINT WARNING * * *
You hack one of the seven-headed hydra's heads off!
The flame cauterises the wound!
You slash the six-headed hydra! You burn the six-headed hydra.
The six-headed hydra is moderately wounded.
The six-headed hydra bites you but does no damage. x2
The six-headed hydra closely misses you.
The six-headed hydra bites you!
You die...

#.#####.....!.. ##
#.............. #.
#..9....##### # #..
#..####.....#
###.########.######$...## .
.....................>(.#..
....#..##......#...........
###.##.##........##....##..
#.##.##.......@.#9..## .
#.##.........##D#...# #
#.####..#....##.....# ###.#
#.##..#..##....#
.##.####.##.###.##.####
.##.##......# .....
.##.##.#.#### ##..#
.........# #..# #.>.###.##
#..#


You could see a six-headed hydra.

Vanquished Creatures
  Maggie (D:6)
  An unseen horror (D:7)
  Grinder (D:6)
  2 yaks (D:8)
  A steam dragon (D:6)
  A water moccasin (D:7)
  Duvessa (D:6)
  An ice beast (D:5)
  2 ogres
  A necrophage (D:6)
  A centaur (D:9)
  4 nameless horrors
  Blork the orc (D:6)
  2 bullfrogs
  A scorpion (D:6)
  A wyvern skeleton (D:3)
  Dowan (D:6)
  A water moccasin skeleton (D:5)
  3 wights (D:8)
  3 bullfrog zombies (D:6)
  A centaur zombie (D:5)
  2 jellies
  4 hounds
  An iguana (D:5)
  4 orc wizards
  A hound skeleton (D:4)
  3 gnolls (D:4)
  8 adders
  2 white imps
  A worm (D:3)
  16 orcs
  7 endoplasms
  4 giant cockroaches
  6 goblins
  2 hobgoblins
  4 jackals
  3 quokkas
  6 ball pythons
  3 bats
  3 frilled lizards
  4 kobolds
  11 rats
126 creatures vanquished.

Vanquished Creatures (collateral kills)
  A two-headed ogre (D:9)
  A hornet (D:9)
  A wyvern (D:10)
  3 yaks
  A steam dragon (D:9)
  A water moccasin (D:6)
  An orc warrior (D:9)
  A sky beast (D:7)
  A black bear (D:6)
  A centaur (D:7)
  2 kobold brigands
  A nameless horror (D:9)
  5 bullfrogs
  2 scorpions
  A wyvern skeleton (D:7)
  A killer bee (D:9)
  12 wights
  3 howler monkeys (D:9)
  2 centaur zombies (D:9)
  A hound (D:6)
  2 orc priests (D:9)
  2 orc wizards
  A white imp (D:5)
  10 orcs
  4 kobolds (D:7)
61 creatures vanquished.

Vanquished Creatures (others)
  A two-headed ogre (D:10)
  An ugly thing (D:9)
  A hornet (D:9)
  6 yaks
  An acid dragon (D:9)
  An orc warrior (D:9)
  A howler monkey (D:5)
  An orc priest (D:4)
  6 battlemagi
  2 orc wizards
  6 ancestors
  A bush (D:7)
  5 fungi (D:9)
  15 plants
48 creatures vanquished.

Grand Total: 235 creatures vanquished

Notes
Turn   | Place    | Note
-------+----------+-------------------------------------------
     0 | D:1      | Tarmin the Human Wanderer began the quest for the Orb.
     0 | D:1      | Tarmin set off with the following items: a +0 hand
                  | crossbow, a +2 leather armour, 26 bolts, a +0 buckler
     0 | D:1      | Reached XP level 1. HP: 13/13 MP: 1/1
    54 | D:1      | Reached XP level 2. HP: 19/19 MP: 2/2
   399 | D:1      | Reached XP level 3. HP: 24/24 MP: 3/3
   815 | D:2      | Found a faded altar of an unknown god.
  1281 | D:3      | Reached XP level 4. HP: 30/30 MP: 4/4
  1362 | D:3      | Found a broken altar of Ashenzari.
  1362 | D:3      | Found a hide-covered altar of Uskayaw.
  1956 | D:3      | Found the +1 Delatra's gloves {ID++}
  2086 | D:3      | Reached XP level 5. HP: 28/36 MP: 5/5
  2485 | D:4      | Reached skill level 1 in Fighting
  2619 | D:4      | Reached skill level 1 in Armour
  2619 | D:4      | Reached XP level 6. HP: 41/44 MP: 6/6
  2635 | D:4      | Noticed an ogre
  2646 | D:4      | Killed an ogre
  2647 | D:4      | Reached skill level 1 in Maces & Flails
  2647 | D:4      | Reached skill level 5 in Crossbows
  2820 | D:4      | Found Taplipp's CLEARANCE SALE!.
  2919 | D:4      | Reached skill level 1 in Stealth
  3280 | D:4      | Found a staircase to the Ecumenical Temple.
  3304 | D:4      | Learned a level 1 spell: Summon Small Mammal
  3308 | D:4      | Learned a level 3 spell: Call Canine Familiar
  3586 | D:4      | Reached XP level 7. HP: 9/50 MP: 7/7
  3944 | D:5      | Entered Level 5 of the Dungeon
  4011 | D:5      | Reached skill level 1 in Spellcasting
  4050 | D:5      | Noticed DearestLeader's ghost (novice GnFi)
  4050 | D:5      | Found the brooch of Shielding {Spirit SH+8}
  4272 | D:5      | Found a hazy altar of Hepliaklqana.
  4295 | D:5      | Reached skill level 1 in Summonings
  4316 | D:5      | Became a worshipper of Hepliaklqana the Forgotten
  4495 | D:5      | Noticed a nameless horror
  4681 | D:5      | Killed a nameless horror
  4937 | D:5      | Found a transporter.
  4950 | D:5      | Found a transporter.
  5232 | D:6      | Noticed a steam dragon
  5242 | D:6      | Reached XP level 8. HP: 53/57 MP: 9/11
  5244 | D:6      | Reached skill level 1 in Long Blades
  5244 | D:6      | Reached skill level 1 in Evocations
  5587 | D:6      | Reached * piety under Hepliaklqana
  5642 | D:6      | Noticed Dowan
  5648 | D:6      | Noticed Duvessa
  5675 | D:6      | Killed Duvessa
  5681 | D:6      | Killed Dowan
  5880 | D:6      | Noticed Maggie
  5909 | D:6      | Killed Maggie
  5910 | D:6      | Reached XP level 9. HP: 34/57 MP: 11/13
  6190 | D:6      | Noticed Grinder
  6350 | D:6      | Noticed Blork the orc
  6361 | D:6      | Killed Blork the orc
  6603 | D:6      | Killed Grinder
  6828 | D:7      | Killed an unseen horror
  7496 | D:7      | Noticed a nameless horror
  7512 | D:7      | Killed a nameless horror
  7515 | D:7      | Reached XP level 10. HP: 61/64 MP: 4/15
  8164 | D:8      | Reached ** piety under Hepliaklqana
  8165 | D:8      | Remembered your ancestor Tarmin as a battlemage
  8873 | D:8      | Learned a level 3 spell: Summon Guardian Golem
  9016 | D:9      | Reached skill level 5 in Maces & Flails
  9016 | D:9      | Found Xaimig's Jewellery Emporium.
  9168 | D:9      | Found an iron altar of Okawaru.
  9387 | D:9      | Found a bloodstained altar of Trog.
  9390 | D:9      | Found a snail-covered altar of Cheibriados.
  9393 | D:9      | Found a glowing silver altar of Zin.
  9398 | D:9      | Reached skill level 1 in Hexes
  9409 | D:9      | Reached skill level 5 in Spellcasting
  9417 | D:9      | Found a burning altar of Makhleb.
  9460 | D:9      | Identified the +0 helmet "Ihuqig" {Fly}
  9516 | D:9      | Reached XP level 11. HP: 70/70 MP: 10/18
  9611 | D:9      | Found a staircase to the Lair.
  9624 | D:9      | Reached skill level 5 in Summonings
 10148 | D:9      | Noticed a brown ugly thing
 10163 | D:9      | Killed a brown ugly thing
 10176 | D:9      | Noticed a two-headed ogre
 10341 | D:9      | Killed a two-headed ogre
 10459 | D:9      | Learned a level 4 spell: Summon Ice Beast
 10633 | D:10     | Entered Level 10 of the Dungeon
 10820 | D:10     | Noticed a two-headed ogre
 10833 | D:10     | Killed a two-headed ogre
 10834 | D:10     | Reached skill level 5 in Fighting
 10841 | D:10     | You fall into a shaft and drop 3 floors!
 10922 | D:13     | Noticed an eight-headed hydra
 10957 | D:13     | HP: 3/71 [seven-headed hydra (12)]
 10958 | D:13     | Mangled by a six-headed hydra

Illustrated notes

Levels and vault maps discovered:
D:1:      tarquinn_simple_flora_water_a, layout_rooms, hangedman_decor_points
D:2:      layout_rooms, ebering_ecumenical_altar_hall,
          nicolae_concentric_dashed_squares_mild, kennysheep_generic_room_14
D:3:      layout_basic, gammafunk_temple_overflow_elements,
          pf_guarded_unrand_delatra
D:4:      layout_basic, minmay_temple_entry_offerings, nicolae_shop_clearance
D:5:      layout_loops_corners, old_standard_altar,
          gammafunk_ghost_gnarly_gnolls, skrybe_limestone_x
D:6:      layout_loops_ring, uniq_maggie, uniq_grinder, uniq_blork_the_orc,
          uniq_duvessa
D:7:      layout_rooms, kb_lookout_dungeons_type
D:8:      layout_basic, palyth_stone_intersect
D:9:      layout_small_grid, overflow_temple_1_default,
          grunt_temple_overflow_cloverleaf, grunt_lair_entry_orc_guard_hut,
          serial_shops, shop, minmay_quadrilaterals
D:10:     layout_basic
D:13:     layout_rooms, chequers_serial_rivers_small_a

Skill      XL: |  1  2  3  4  5  6  7  8  9 10 11 |
---------------+----------------------------------+-----
Crossbows      | 4 5 6 7 |  7.0
Fighting       | 1 2 3 4 5 |  5.0
Armour         | 1 2 3 4 |  4.3
Maces & Flails | 1 2 3 5 |  5.9
Stealth        | 1 2 3 |  3.5
Spellcasting   | 2 3 5 6 |  6.1
Summonings     | 1 2 3 4 5 |  5.9
Long Blades    | 1 2 |  2.2
Evocations     | 1 2 |  2.0
Dodging        | 6 7 |  7.5
Shields        | 3 4 |  4.6
Hexes          | 1 3 |  3.6
Throwing       | |  0.4

Action                   |  1- 3 |  4- 6 |  7- 9 | 10-12 || total
-------------------------+-------+-------+-------+-------++-------
Melee: Mace              |       |    37 |    98 |   147 ||   282
       Falchion          |       |     8 |    44 |     2 ||    54
       Hand crossbow     |       |     1 |     2 |       ||     3
       War axe           |       |       |     3 |       ||     3
 Fire: Hand crossbow     |    76 |   101 |    95 |     3 ||   275
Throw: Dart              |       |       |     7 |       ||     7
 Cast: Summon Small Mamm |       |     6 |    31 |     1 ||    38
       Call Canine Famil |       |       |    14 |    15 ||    29
       Summon Guardian G |       |       |       |    36 ||    36
Invok: Recall Ancestor   |       |       |       |     2 ||     2
       Ancestor Life: Ba |       |       |       |     1 ||     1
       Ancestor Identity |       |       |       |     1 ||     1
Evoke: Wand              |       |     6 |    19 |     8 ||    33
  Use: Potion            |       |     6 |     3 |     6 ||    15
       Scroll            |       |     3 |       |       ||     3
 Stab: Distracted        |       |       |     1 |     2 ||     3
       Sleeping          |       |       |       |     2 ||     2
Armor: Leather armour    |     5 |     2 |    90 |       ||    97
       Chain mail        |    10 |    56 |    27 |       ||    93
       Skin              |       |    21 |       |       ||    21
       Acid dragon scale |       |       |    32 |   103 ||   135
Dodge: Dodged            |    10 |    27 |   152 |   144 ||   333
Block: Buckler           |     9 |    41 |    54 |    58 ||   162
